AoeStats
← Jûb'Z

Arabia

510174700Analyzed
1v1 RM · 2d ago on Sep 29, 2026· 51m 59s· 2 players
Game mode
Random Map
Map size
Tiny (2 player)
Population
200
Speed
Normal
Resources
Standard
Victory
Conquest
Starting age
Dark Age
Ending age
Imperial Age
RankedLock teamsTeams togetherTeam positionsShared explorationLock speedFull tech treeHidden civsTurbo modeCheats
Victory
Defeat
🇫🇷 Spanish · France
350
+16
🇷🇴 Britons · Romania
354
-16
Jûb'Z
7:49 Loom
11:06 Feudal Age
15:30 Double-Bit Axe
15:31 Horse Collar
22:36 Castle Age
22:41 Gold Mining
22:47 Stone Mining
23:06 Scale Barding Armor
23:14 Forging
24:17 Heavy Plow
24:56 Husbandry
25:07 Bloodlines
27:05 Chain Barding Armor
27:21 Iron Casting
39:01 Imperial Age
39:20 Imperial Age
42:19 Chemistry
42:12 Cavalier
kastafan.games
3:42 Loom
13:03 Feudal Age
14:39 Double-Bit Axe
14:54 Horse Collar
24:52 Castle Age
24:30 Scale Barding Armor
25:37 Stone Mining
25:38 Gold Mining
26:07 Forging
31:24 Gold Shaft Mining
33:24 Murder Holes
38:39 Imperial Age
38:08 Padded Archer Armor
37:59 Fletching
42:31 Arson
42:07 Pikeman
42:48 Squires
46:53 Halberdier
Connection lost

Rejoining the realm…

Still unreachable

The connection could not be restored.

Session expired

The server has moved on; the page needs a fresh start.